 Dungeon Crawl Stone Soup version 0.26.1-11-gd32895ea62 (webtiles) character file.

Game seed: 16233970792288437611

61937 dtburroughs the Cleaver (level 14, 0/129 HPs)
             Began as a Minotaur Berserker on June 22, 2021.
             Was a High Priest of Trog.
             Slain by a troll (1 damage)
             ... led by an orc warlord
             ... while paralysed by an orc sorcerer
             ... on level 1 of the Orcish Mines on June 23, 2021.
             The game lasted 01:04:50 (26653 turns).

dtburroughs the Cleaver (Minotaur Berserker)       Turns: 26653, Time: 01:04:50

Health: 0/129      AC: 13    Str: 28    XL:     14   Next: 62%
Magic:  0/13       EV:  2    Int:  8    God:    Trog [*****.]
Gold:   1874       SH:  0    Dex: 15    Spells: 13/13 levels left

rFire    + + +     SeeInvis .   M - +9 broad axe (flame)
rCold    + . .     Faith    .   X - +0 tower shield
rNeg     . . .     Spirit   +   j - +1 scale mail of Wudytuq {rF+++ Dex+4}
rPois    .         Reflect  .   (helmet restricted)
rElec    .         Harm     .   T - +0 cloak
rCorr    .         Rampage  .   k - +0 pair of gloves
Will     +....                  (no boots)
Stlth    ..........             q - amulet of guardian spirit
HPRegen  0.31/turn              f - +6 ring of strength
MPRegen  0.13/turn              v - ring of protection from cold

@: paralysed, lethally poisoned (0 -> -1)
A: retaliatory headbutt, horns 2
a: Renounce Religion, Berserk, Trog's Hand, Brothers in Arms


You were on level 1 of the Orcish Mines.
You worshipped Trog.
Trog was extremely pleased with you.
You visited 3 branches of the dungeon, and saw 21 of its levels.
You also visited: Sewer.

You collected 1874 gold pieces.

Inventory:

Hand Weapons
 M - a +9 broad axe of flaming (weapon)
 Q - the +8 mithril axe "Arga" {speed, Will+}
   (Trog gifted it to you on level 10 of the Dungeon)

   Attacks with this weapon are significantly faster.
   It affects your willpower, your defense against some magical effects.
Armour
 a - +0 acid dragon scales
 j - the +1 scale mail of Wudytuq (worn) {rF+++ Dex+4}
   (You found it on level 4 of the Dungeon)

   It affects your dexterity (+4).
   It renders you almost immune to fire.
 k - a +0 pair of gloves (worn)
 E - a +0 plate armour
 T - a +0 cloak (worn)
 X - a +0 tower shield (worn)
Jewellery
 f - a +6 ring of strength (left hand)
 g - a +6 ring of dexterity
 q - an amulet of guardian spirit (around neck)
 v - a ring of protection from cold (right hand)
 D - an uncursed ring of flight
Wands
 l - a wand of flame (79)
 t - a wand of enslavement (19)
 w - a wand of random effects (36)
 C - a wand of disintegration (37)
 J - a wand of iceblast (16)
 L - a wand of paralysis (10)
 W - a wand of acid (23)
Scrolls
 b - 3 scrolls of immolation
 h - 3 scrolls of fear
 i - 5 scrolls of blinking
 m - 14 scrolls of teleportation
 o - 2 scrolls of enchant armour
 p - 6 scrolls of magic mapping
 r - a scroll of enchant weapon
 u - 6 scrolls of remove curse
 y - 3 scrolls of fog
 A - a scroll of vulnerability {unknown}
 N - 3 scrolls of silence
 Y - 2 scrolls of summoning
Potions
 c - 3 potions of heal wounds
 e - a potion of haste
 n - 5 potions of might
 s - 12 potions of curing
 x - 8 potions of flight
 z - 2 potions of attraction
 F - a potion of invisibility
 G - 4 potions of mutation
 I - 3 potions of ambrosia
 R - a potion of resistance
 U - a potion of magic {unknown}
Miscellaneous
 d - a box of beasts
 K - a condenser vane
 O - a lightning rod (4/4)
 P - a phial of floods


   Skills:
 + Level 13.1 Fighting
 + Level 13.1 Axes
 + Level 12.9 Armour
 + Level 12.0 Dodging
 + Level 12.4 Shields
 + Level 9.7 Evocations


You had 13 spell levels left.
You didn't know any spells.
Your spell library was empty.

Dungeon Overview and Level Annotations

Branches:
Dungeon (13/15)            Temple (0/1) D:7            Lair (6/6) D:10
  Swamp (0/4) Lair:2        Snake (0/4) Lair:3        Slime (0/5) Lair:6
    Orc (2/2) D:12         Vaults (0/5) D:13          Sewer (visited)
    Elf: Orc:2

Altars:
Ashenzari
Cheibriados
Dithmenos
Elyvilon
Fedhas
Kikubaaqudgha
Makhleb
Okawaru
Qazlal
Sif Muna
Trog
Vehumet
Wu Jian
Xom
Zin
The Shining One
Beogh

Annotations:
D:7 3 runed translucent doors, Zeld's ghost, novice OpGl
Lair:3 1 runed translucent door, Ruicvywi's ghost, journeyman OgTm


Innate Abilities, Weirdness & Mutations

You reflexively headbutt those who attack you in melee.
You have a pair of horns on your head.


Message History

The orc sorcerer barely misses you.
The orc sorcerer hits you with a cursed -1 dagger.
The troll bites you.
The troll claws you but does no damage. x2
The orc hits you but does no damage.
An orc comes into view. It is wielding a +0 falchion.
An orc comes into view. It is wielding a +0 morningstar.
The orc warrior hits you with a +0 scimitar!
* * * LOW HITPOINT WARNING * * *
The orc hits you but does no damage.
The orc hits you from afar with a +0 trident!
* * * LOW HITPOINT WARNING * * *
The orc warrior hits you from afar with a +1 halberd of venom!
* * * LOW HITPOINT WARNING * * *
The orc sorcerer hits you but does no damage.
The troll bites you.
* * * LOW HITPOINT WARNING * * *
The troll claws you!
* * * LOW HITPOINT WARNING * * *
The troll claws you.
You die...

## .# ..... ##.
## . o#..##..##
# .o ........ #
#..#......## #
#....o.....#
### ##...ho...#
#.##
....ooooT.##
...#
..$.ooo@o..#
#.##
.....oToo......
###
.......o.......
...............
..O......$.....
...............
...............
..........$.##.


You could see an orc warlord, 2 trolls, a warg, 2 orc sorcerers, 2 orc warriors,
an ogre, an orc wizard and 10 orcs.

Vanquished Creatures
  Rupert (D:13)
  A dire elephant (Lair:6)
  Snorg (D:13)
  Josephine (D:13)
  A vault guard (D:13)
  Harold (D:9)
  3 catoblepae
  2 hydras
  7 death yaks
  2 two-headed ogres
  A deep troll shaman (Lair:6)
  5 skeletal warriors (D:12)
  An unseen horror (D:12)
  Pikel (D:5)
  2 ugly things (D:13)
  A manticore (D:11)
  5 cyclopes
  A will-o-the-wisp (Lair:2)
  4 oklob plants (Lair:6)
  8 elephants
  An ice statue (D:9)
  11 cane toads
  5 black mambas
  2 gargoyles
  Psyche (D:9)
  11 komodo dragons
  6 rime drakes
  Grinder (D:5)
  2 trolls
  A hornet (D:12)
  3 blink frogs (Lair:1)
  A wind drake (shapeshifter) (D:13)
  3 slime creatures (D:12)
  4 dream sheep (Lair:4)
  3 wyverns
  4 wraiths
  40 yaks
  7 basilisks
  3 vampire mosquitoes (D:12)
  3 wargs
  4 nagas (Lair:3)
  An acid dragon (D:12)
  8 water moccasins
  2 sky beasts
  An eye of draining (D:8)
  6 ice beasts
  17 orc warriors
  5 black bears
  A necrophage (D:11)
  3 phantoms
  5 wolves (Lair:6)
  9 ogres
  A centaur (D:10)
  A lemure (D:5)
  3 big kobolds
  11 bullfrogs
  4 scorpions
  9 killer bees
  A jelly (D:10)
  18 wights
  4 electric eels
  3 howler monkeys (D:13)
  2 bullfrog zombies
  2 centaur zombies
  4 hounds
  28 orc wizards
  17 orc priests
  3 centaur skeletons
  2 bullfrog skeletons
  Natasha (twice) (D:3)
  2 iguanas
  7 hell rats (Lair:1)
  A merfolk siren (Sewer)
  12 worker ants
  A merfolk avatar (Sewer)
  A hound skeleton (D:8)
  Robin (D:3)
  2 worker ant zombies
  8 gnolls
  20 adders
  5 river rats
  A shadow imp (D:10)
  A white imp (D:8)
  An ooze (D:1)
  3 ufetubi
  2 adder zombies
  4 adder skeletons
  7 worms
  4 dart slugs
  11 leopard geckos
  85 orcs
  4 ball pythons
  9 giant cockroaches
  18 goblins
  7 hobgoblins
  12 jackals
  7 quokkas
  12 bats
  13 frilled lizards
  A giant cockroach zombie (D:6)
  A jackal skeleton (D:4)
  18 kobolds
  A leopard gecko skeleton (D:6)
  29 rats
649 creatures vanquished.

Vanquished Creatures (collateral kills)
  A catoblepas (Lair:6)
  5 death yaks (Lair:6)
6 creatures vanquished.

Vanquished Creatures (others)
  16 foxfires (Lair:2)
  44 fungi
  76 plants
136 creatures vanquished.

Grand Total: 791 creatures vanquished

Notes
Turn   | Place    | Note
-------+----------+-------------------------------------------
     0 | D:1      | dtburroughs the Minotaur Berserker began the quest for the
                  | Orb.
     0 | D:1      | Reached XP level 1. HP: 19/19 MP: 0/0
   100 | D:1      | Reached XP level 2. HP: 26/27 MP: 1/1
   598 | D:1      | Reached XP level 3. HP: 32/33 MP: 2/2
  1084 | D:2      | Reached ** piety under Trog
  1142 | D:2      | Found an ancient bone altar of Kikubaaqudgha.
  1227 | D:2      | Found a glowing silver altar of Zin.
  1701 | D:2      | Found a broken altar of Ashenzari.
  1708 | D:2      | Found a shimmering blue altar of Sif Muna.
  1710 | D:2      | Found a radiant altar of Vehumet.
  1788 | D:3      | Found a snail-covered altar of Cheibriados.
  1834 | D:3      | Reached XP level 4. HP: 29/41 MP: 3/3
  1930 | D:3      | Found a stormy altar of Qazlal.
  1954 | D:3      | Noticed Robin
  1977 | D:3      | Killed Robin
  2214 | D:3      | Found an iron altar of Okawaru.
  2272 | D:3      | Noticed Natasha
  2281 | D:3      | Killed Natasha
  2542 | D:3      | Reached XP level 5. HP: 34/47 MP: 4/4
  2673 | D:3      | Found a white marble altar of Elyvilon.
  3290 | D:3      | Reached skill level 5 in Fighting
  3316 | D:3      | Noticed Natasha
  3320 | D:3      | Killed Natasha
  3321 | D:3      | Reached skill level 5 in Axes
  3322 | D:3      | Reached *** piety under Trog
  3432 | D:3      | Reached XP level 6. HP: 23/56 MP: 5/5
  3891 | D:4      | Got a scorched scale mail
  3939 | D:4      | Reached skill level 1 in Shields
  3939 | D:4      | Reached skill level 1 in Evocations
  4238 | D:4      | Found a shadowy altar of Dithmenos.
  4352 | D:5      | Entered Level 5 of the Dungeon
  4372 | D:5      | Reached XP level 7. HP: 62/62 MP: 6/6
  4403 | D:5      | Noticed Pikel
  4420 | D:5      | Killed Pikel
  4421 | D:5      | Reached skill level 5 in Armour
  4421 | D:5      | Reached skill level 5 in Dodging
  4421 | D:5      | Reached XP level 8. HP: 33/70 MP: 3/7
  4773 | D:5      | Found a glowing drain.
  4782 | Sewer    | Entered a sewer
  4879 | Sewer    | Reached **** piety under Trog
  5554 | D:5      | Noticed Grinder
  5565 | D:5      | Killed Grinder
  5811 | D:5      | Found an ornate altar of the Wu Jian Council.
  6265 | D:6      | Reached XP level 9. HP: 74/79 MP: 6/8
  6363 | D:6      | Reached ***** piety under Trog
  6526 | D:6      | Reached skill level 5 in Shields
  7486 | D:7      | Found a staircase to the Ecumenical Temple.
  7508 | D:7      | Found a runed translucent gate.
  7508 | D:7      | Found a runed translucent gate.
  7511 | D:7      | Found a runed translucent gate.
  7516 | D:7      | Noticed Zeld's ghost (novice OpGl)
  7646 | D:7      | Found a blossoming altar of Fedhas.
  7763 | D:7      | Found an ancient bone altar of Kikubaaqudgha.
  7952 | D:8      | Identified the cursed +2 glaive of the Insatiable Wishes
                  | {protect, +Fly Int+4}
  8439 | D:8      | Found a bloodstained altar of Trog.
  8569 | D:8      | Reached XP level 10. HP: 18/82 MP: 3/9
  9082 | D:8      | Found a shimmering altar of Xom.
  9086 | D:8      | Found a shimmering altar of Xom.
  9086 | D:8      | Found a shimmering altar of Xom.
  9088 | D:8      | Found a shimmering altar of Xom.
  9088 | D:8      | Found a shimmering altar of Xom.
  9166 | D:9      | Noticed a cyclops
  9187 | D:9      | Killed a cyclops
  9229 | D:9      | Reached skill level 5 in Evocations
  9238 | D:9      | Received a gift from Trog
  9261 | D:9      | Identified the +1 scale mail of Wudytuq {rF+++ Dex+4} (You
                  | found it on level 4 of the Dungeon)
  9441 | D:9      | Noticed Harold
  9447 | D:9      | Killed Harold
  9673 | D:9      | Noticed Psyche
  9675 | D:9      | Killed Psyche
  9919 | D:9      | Found a glowing golden altar of the Shining One.
 10375 | D:9      | Noticed an ice statue
 10403 | D:9      | Found a burning altar of Makhleb.
 10534 | D:9      | Killed an ice statue
 11020 | D:10     | Entered Level 10 of the Dungeon
 11309 | D:10     | Reached XP level 11. HP: 74/97 MP: 8/10
 12680 | D:10     | Received a gift from Trog
 12681 | D:10     | Found the +8 mithril axe "Arga" {speed, Will+}
 13162 | D:10     | Found a staircase to the Lair.
 13540 | D:11     | Noticed a two-headed ogre
 13552 | D:11     | Killed a two-headed ogre
 13553 | D:11     | Reached skill level 10 in Fighting
 13564 | D:11     | Reached skill level 10 in Axes
 13929 | D:11     | Reached skill level 10 in Armour
 13929 | D:11     | Found a broken altar of Ashenzari.
 14208 | Lair:1   | Entered Level 1 of the Lair of Beasts
 14508 | Lair:1   | Noticed a four-headed hydra
 14518 | Lair:1   | Killed a one-headed hydra
 14623 | Lair:1   | Reached XP level 12. HP: 95/107 MP: 8/11
 15162 | Lair:2   | Found a staircase to the Swamp.
 15522 | Lair:2   | Received a gift from Trog
 15925 | Lair:3   | Found a staircase to the Snake Pit.
 16559 | Lair:3   | Found a runed translucent door.
 16563 | Lair:3   | Noticed Ruicvywi's ghost (journeyman OgTm)
 16565 | Lair:3   | Identified the cursed +1 trident "Tusiuno" {venom, *Rage
                  | rPois rN+++ Dex-4}
 17271 | Lair:4   | Reached skill level 10 in Shields
 17319 | Lair:4   | Noticed a death yak
 17337 | Lair:4   | Killed a death yak
 17341 | Lair:4   | Reached skill level 10 in Dodging
 17375 | Lair:4   | Noticed a death yak
 17377 | Lair:4   | Noticed a death yak
 17378 | Lair:4   | Noticed a death yak
 17379 | Lair:4   | Noticed a death yak
 17379 | Lair:4   | Noticed a death yak
 17395 | Lair:4   | Killed a death yak
 17404 | Lair:4   | Killed a death yak
 17411 | Lair:4   | Killed a death yak
 17419 | Lair:4   | Killed a death yak
 17428 | Lair:4   | Killed a death yak
 17950 | Lair:4   | Got a scorched scale mail
 17951 | Lair:4   | Identified the +1 scale mail "Biypt" {+Blink rC+} (You
                  | found it on level 4 of the Lair of Beasts)
 18340 | Lair:5   | Reached XP level 13. HP: 97/116 MP: 12/12
 18826 | Lair:5   | Found a dark tunnel.
 19356 | Lair:6   | Entered Level 6 of the Lair of Beasts
 20697 | Lair:6   | Received a gift from Trog
 20966 | Lair:6   | Found a staircase to the Slime Pits.
 22486 | Lair:6   | Noticed a dire elephant
 22502 | Lair:6   | Killed a dire elephant
 23011 | D:12     | Reached XP level 14. HP: 99/127 MP: 10/13
 24015 | D:12     | Found a staircase to the Orcish Mines.
 24087 | D:12     | Found a roughly hewn altar of Beogh.
 24834 | D:13     | Noticed Josephine
 24850 | D:13     | Killed Josephine
 24908 | D:13     | Noticed Snorg
 24914 | D:13     | Killed Snorg
 24960 | D:13     | Received a gift from Trog
 25280 | D:13     | Noticed Rupert
 25291 | D:13     | Killed Rupert
 25665 | D:13     | Found a gate to the Vaults.
 26166 | Orc:1    | Entered Level 1 of the Orcish Mines
 26558 | Orc:2    | Entered Level 2 of the Orcish Mines
 26648 | Orc:1    | Noticed an orc warlord
 26648 | Orc:1    | Paralysed by an orc sorcerer for 7 turns
 26653 | Orc:1    | HP: 1/129 [troll[an orc warlord] (7)]
 26653 | Orc:1    | Slain by a troll

Illustrated notes

Levels and vault maps discovered:
D:1:      saegor_arrival_miasma, layout_loops_ring
D:2:      layout_basic, grunt_temple_overflow_magic_moments, zin_statuary,
          overflow_temple_1_default
D:3:      minmay_chambers_of_threes, layout_rooms, okawaru_trees_2,
          kennysheep_slug_shrine, lemuel_crystal_altar,
          nicolae_overflow_crystal_walls, minmay_fractal_squares_5,
          uniq_natasha, uniq_robin
D:4:      layout_cave_pools, grunt_dithmenos_smoke_and_mirrors
D:5:      layout_cave_pools, general_overflow_altar, lightli_sewer_entry_pipes,
          hangedman_abyss_or_decor_stabs, serial_bayou_lagoon_a, uniq_grinder,
          uniq_pikel
D:6:      layout_rooms
D:7:      layout_basic, kennysheep_little_box, minmay_temple_entry_wispy,
          gammafunk_ghost_split, lemuel_altar_in_water
D:8:      layout_cave_pools, xom_shifter_show, kennysheep_mini, minmay_radiant
D:9:      lemuel_ice_statue, layout_loops_ring, tso_altar,
          overflow_temple_1_default, uniq_harold, uniq_psyche
D:10:     layout_basic, david_lair_generic, minmay_misc_feat_tower
D:11:     layout_rooms, ashenzari_altar_1
D:12:     layout_stronghold, minmay_orc_entry_temple_large
D:13:     layout_irregular_city, david_vaults_5, serial_park_tiny_pond,
          uniq_rupert, uniq_josephine, uniq_snorg
Lair:1:   layout_cave_shapes
Lair:2:   layout_big_grid, minmay_swamp_entry_wisps, lemuel_fruit_fields
Lair:3:   layout_loops_ring, guppyfry_snake_entry_island,
          ebering_ghost_funeral_grove, infiniplex_staircase_pool
Lair:4:   layout_regular_city, serial_bayou_shore_a,
          infiniplex_staircase_pool_2, grunt_megastairs_3
Lair:5:   layout_misc_corridors, enter_volcano_4,
          chequers_serial_rivers_micro_d, serial_bayou_shore_b
Lair:6:   grunt_lair_end_beastmaster, layout_small_grid,
          minmay_slime_entry_oklob_open
Orc:1:    layout_caves
Orc:2:    st_orc_ogre_mass, layout_caves, serial_shops, shop_statue,
          mines3_lemuel

Skill      XL: |  1  2  3  4  5  6  7  8  9 10 11 12 13 14 |
---------------+-------------------------------------------+-----
Fighting       | 4 5 6 7 8 9 10 11 12 13 | 13.1
Axes           | 4 5 6 7 8 9 10 11 12 13 | 13.1
Armour         | 3 4 5 6 7 9 10 11 12 | 12.9
Dodging        | 3 4 5 6 7 8 9 10 11 12 | 12.0
Shields        | 1 3 4 6 7 9 10 11 12 | 12.4
Evocations     | 1 2 3 4 5 7 8 9 |  9.7

Action                   |  1- 3 |  4- 6 |  7- 9 | 10-12 | 13-15 || total
-------------------------+-------+-------+-------+-------+-------++-------
Melee: Hand axe          |    72 |   128 |   368 |       |       ||   568
       Headbutt          |     7 |    26 |    92 |   158 |   138 ||   421
       Battleaxe         |       |       |    21 |    62 |       ||    83
       Broad axe         |       |       |       |   505 |   478 ||   983
Invok: Trog's Hand       |       |     1 |     4 |     7 |     6 ||    18
       Berserk           |       |     2 |     3 |       |       ||     5
       Brothers in Arms  |       |       |       |       |     1 ||     1
 Abil: Evoke Flight      |       |       |       |     2 |       ||     2
Evoke: Wand              |       |       |       |     5 |    11 ||    16
  Use: Scroll            |       |     5 |     3 |    15 |    11 ||    34
       Potion            |       |       |       |     1 |     3 ||     4
 Stab: Petrified         |       |       |       |       |     5 ||     5
       Paralysed         |       |       |       |       |     8 ||     8
Armor: Animal skin       |    21 |     9 |       |       |       ||    30
       Ring mail         |       |     9 |    58 |       |       ||    67
       Plate armour      |       |       |    45 |    39 |       ||    84
       Scale mail        |       |       |       |   106 |   102 ||   208
Dodge: Dodged            |    59 |    87 |   179 |   348 |   163 ||   836
Block: Buckler           |       |    11 |    82 |   143 |     3 ||   239
       Tower shield      |       |       |       |       |   367 ||   367
